 Dungeon Crawl Stone Soup version 0.30-a0-159-g068b764562 (webtiles) character file.

Game seed: 2310956824547931885

93 Flugkiller the Trooper (level 4, -2/26 (49) HPs)
             Began as an Ogre Reaver on Sept 27, 2022.
             Killed by divine providence
             ... invoked by an orc priest
              (15 damage)
             ... on level 3 of the Dungeon.
             The game lasted 00:04:16 (2624 turns).

Flugkiller the Trooper (Ogre Reaver)                Turns: 2624, Time: 00:04:17

HP:   -2/26 (49)    AC:  3    Str: 16    XL:     4   Next: 61%
MP:   8/8           EV:  9    Int: 16    God:
Gold: 93            SH:  0    Dex:  7    Spells: 3/9 levels left

rFire   . . .      SeeInvis .    a - +0 mace
rCold   . . .      Faith    .    (no shield)
rNeg    . . .      Spirit   .    b - +0 robe
rPois   .          Reflect  .    (helmet restricted)
rElec   .          Harm     .    (no cloak)
rCorr   .          Rampage  .    (gloves unavailable)
Will    +....                    (boots unavailable)
Stlth   +.........               (no amulet)
HPRegen 0.08/turn                m - ring of willpower
MPRegen 0.11/turn                i - ring of flight

@: flying, very heavily drained
A: large, unfitting armour, tough skin 1
a: no special abilities


You were on level 3 of the Dungeon.
You visited 1 branch of the dungeon, and saw 3 of its levels.

You collected 93 gold pieces.

Inventory:

Hand Weapons
 a - a +0 mace (weapon)
Armour
 b - a +0 robe (worn)
 h - a +0 tower shield
   (You found it on level 2 of the Dungeon)
Jewellery
 f - a ring of willpower
   (You took it off a kobold on level 3 of the Dungeon)
 i - a ring of flight (right hand)
   (You found it on level 2 of the Dungeon)
 m - a ring of willpower (left hand)
   (You found it on level 2 of the Dungeon)
Wands
 d - a wand of iceblast (13)
   (You took it off Ijyb on level 3 of the Dungeon)
Scrolls
 t - 3 scrolls of teleportation
Potions
 c - a potion of curing {unknown}
 e - a potion of ambrosia {unknown}
 g - 3 potions of haste {unknown}
 j - a potion of degeneration


   Skills:
 - Level 4.8 Fighting
 - Level 2.6 Maces & Flails
 - Level 1.7 Dodging
 - Level 3.0 Spellcasting
 + Level 3.0 Conjurations
 - Level 1.0 Fire Magic
 - Level 1.0 Earth Magic


You had 3 spell levels left.
You knew the following spells:

 Your Spells              Type           Power      Damage    Failure   Level
a - Kiss of Death         Conj/Necr      28%        2d7       10%         1
b - Volcanic Tap          Conj/Fire/Erth 14%        3d8       14%         2
c - Hailstorm             Conj/Ice       7%         3d4       30%         3

Your spell library contained the following spells:

 Spells                   Type           Power      Damage    Failure   Level
 Magic Dart               Conj           48%        1d5       5%          1
 Searing Ray              Conj           24%        2d5       9%          2
 Apportation              Tloc           4%         N/A       19%         1
 Call Imp                 Summ           2%         N/A       28%         2
 Mephitic Cloud           Conj/Pois/Air  5%         N/A       36%         3
 Fulminant Prism          Conj/Hex       3%         3d6       69%         4
 Alistair's Intoxication  Tmut/Pois      1%         N/A       99%         5


Dungeon Overview and Level Annotations

Branches:
Dungeon (3/15) Zot: 15354

Altars:

Shops:
D:1 (


Innate Abilities, Weirdness & Mutations

You are too large for most types of armour.
You have tough skin. (AC +1)


Message History

You cannot move.
You cannot move.
You start resting.
You are no longer bound to the earth.
You start resting.
Your magical contamination has completely faded away.
Found a stone staircase leading up.
You see here a +0 dagger.
You now have 82 gold pieces (gained 12).
You see here a +0 chain mail.
Found 3 poisoned darts.
Magic restored.
Found a stone staircase leading down.
Found a club.
You now have 93 gold pieces (gained 11).
Found a stone staircase leading down.
A worm comes into view.
A worm is nearby!
Casting: Volcanic Tap (safe; 14% risk of failure)
Confirm with . or Enter, or press ? or * to list all spells.
Aiming: Volcanic Tap (safe; 14% risk of failure)
Press: ? - help, Dir - move target, f - worm
Aim: a worm (89% to hit)
You miscast Volcanic Tap.
You are very lightly contaminated with residual magic.
Nothing appears to happen.
Casting: Volcanic Tap (safe; 14% risk of failure)
Confirm with . or Enter, or press ? or * to list all spells.
Aiming: Volcanic Tap (safe; 14% risk of failure)
Press: ? - help, Dir - move target, f/p - worm
Aim: a worm (89% to hit)
The spray of magma hits the worm!
You are fixed to the earth.
You thump the worm!
The worm is almost dead.
The worm bites you!
You are too injured to fight recklessly!
You are too injured to fight recklessly!
You barely miss the worm.
The worm is almost dead.
The worm closely misses you.
You hit the worm but do no damage.
The worm is almost dead.
Casting: Volcanic Tap (safe; 14% risk of failure)
Confirm with . or Enter, or press ? or * to list all spells.
You are already bound to the earth.
Unknown command.
You barely miss the worm.
The worm is almost dead.
You are no longer bound to the earth.
The worm bites you but does no damage.
You hit the worm.
You kill the worm!
Your magical contamination has completely faded away.
Training target 1.0 for Fire Magic reached!
Your Fire Magic skill increases to level 1!
You start resting.
Magic restored.
You start resting.
HP restored.
You see here a worm corpse.
There is a stone staircase leading down here.
A hobgoblin comes into view.
The hobgoblin shouts!
A hobgoblin is nearby!
Casting: Volcanic Tap (safe; 14% risk of failure)
Confirm with . or Enter, or press ? or * to list all spells.
Aiming: Volcanic Tap (safe; 14% risk of failure)
Press: ? - help, Dir - move target, f - hobgoblin
Aim: a hobgoblin (68% to hit)
You miscast Volcanic Tap.
You are very lightly contaminated with residual magic.
Nothing appears to happen.
The hobgoblin hits you.
You hit the hobgoblin.
The hobgoblin is almost dead.
The hobgoblin closely misses you.
You hit the hobgoblin but do no damage.
The hobgoblin is almost dead.
The hobgoblin barely misses you. The hobgoblin hits you.
You hit the hobgoblin but do no damage.
The hobgoblin is almost dead.
The hobgoblin closely misses you.
You hit the hobgoblin.
You kill the hobgoblin!
Your magical contamination has completely faded away.
You see here a hobgoblin corpse.
You start resting.
Magic restored.
HP restored.
Found two robes. 2 orcs and an orc priest come into view.
The orc shouts! x2; The orc priest shouts!
You hear a shout!
The orc moves out of view.
There are monsters nearby!
The orc priest invokes the aid of Beogh against you.
Beogh smites you!
Ouch! That really hurt!
The orc priest calls down the wrath of Beogh upon you.
Beogh smites you!
Ouch! That really hurt!
You die...

....#### #.#...........# #.##.# #
#.#....###.#...........# #.##.###
#.#.##...#.###.........# #.......
#.#.####...###.........######.###
#.#.# ###..##.........##.....# #
#.#.######.............##.##### #
#.#........###.........##.#### #
#.##############.#######.....# #
#.#.(#.........#@.# #.....# #
#.#..#.#######.##.######.....# #
#.#..#.# #.##............# #
#.#..#.# #.####..o.#.....# #
#.#..#.# ####.####.##.##########
#.#.<#.# #....##....#.o.######..
#.#..#.# #....##....###.#.......
#.#.##.# #....##....# #.o..###.#
.......# #....##....# ###o..#..#


You could see an orc priest and an orc.

Vanquished Creatures
  Ijyb (D:3)
  Jessica (D:3)
  Natasha (twice) (D:2)
  An adder (D:2)
  A worm (D:3)
  An orc (D:3)
  A bat (D:2)
  An endoplasm (D:1)
  2 giant cockroaches (D:2)
  2 goblins (D:1)
  5 hobgoblins
  2 quokkas (D:2)
  4 ball pythons
  3 kobolds
  A rat (D:2)
28 creatures vanquished.

Vanquished Creatures (others)
  A jelly (D:3)
  Natasha (D:2)
  A goblin (D:3)
3 creatures vanquished.

Grand Total: 31 creatures vanquished

Notes
Turn   | Place    | Note
-------+----------+-------------------------------------------
     0 | D:1      | Flugkiller the Ogre Reaver began the quest for the Orb.
     0 | D:1      | Reached XP level 1. HP: 22/22 MP: 3/3
    22 | D:1      | Found a faded altar of an unknown god.
   176 | D:1      | Found Roczenon's Antique Weapon Shop.
   691 | D:1      | You fall into a shaft and drop 1 floor!
   727 | D:2      | Reached skill level 3 in Fighting
   744 | D:2      | Reached XP level 2. HP: 26/30 MP: 4/6
   831 | D:2      | Learned a level 2 spell: Volcanic Tap
   836 | D:2      | Noticed Natasha
   838 | D:2      | Killed Natasha
   963 | D:2      | Noticed Natasha
   969 | D:2      | Killed Natasha
   970 | D:2      | Reached skill level 4 in Fighting
   970 | D:2      | Reached XP level 3. HP: 28/41 MP: 1/7
  1071 | D:1      | Learned a level 3 spell: Hailstorm
  1672 | D:2      | Noticed Natasha
  1682 | D:2      | Killed Natasha
  1683 | D:2      | Reached XP level 4. HP: 35/44 MP: 4/8
  1744 | D:3      | Noticed Jessica
  1748 | D:3      | Killed Jessica
  1762 | D:3      | Noticed Ijyb
  1772 | D:3      | Killed Ijyb
  2121 | D:3      | Reached skill level 1 in Earth Magic
  2355 | D:3      | Reached skill level 1 in Fire Magic
  2624 | D:3      | Killed from afar by an orc priest

Illustrated notes

Levels and vault maps discovered:
D:1:      denvon_arrival_hothouse, layout_basic, serial_shops, shop,
          basic_ecumenical_altar, roderic_serpentine_path
D:2:      layout_loops_cross, uniq_natasha
D:3:      layout_basic, uniq_ijyb, uniq_jessica

Skill      XL: |  1  2  3  4 |
---------------+-------------+-----
Fighting       | 3 4 |  4.8
Spellcasting   | 3 |  3.0
Conjurations   | 3 |  3.0
Earth Magic    | 1 |  1.0
Fire Magic     | 1 |  1.0
Maces & Flails | |  2.6
Dodging        | |  1.7

Action                   |  1- 3 |  4- 6 || total
-------------------------+-------+-------++-------
Melee: Mace              |    55 |    25 ||    80
 Cast: Kiss of Death     |     3 |     3 ||     6
       Volcanic Tap      |     4 |     5 ||     9
  Use: Scroll            |     3 |       ||     3
Armor: Robe              |    20 |     8 ||    28
Dodge: Dodged            |    30 |    12 ||    42

Table legend: (Time is in decaauts)
 A = Elapsed time spent in this place.
 B = Non-inter-level travel time spent in this place.
 C = Inter-level travel time spent in this place.
 D = Time resting spent in this place.
 E = Time spent auto-exploring this place.
 F = Levels seen in this place.
 G = Mean time per level.
                   A        B        C        D        E       F      G
               +--------+--------+--------+--------+--------+-----+--------+
         Total |   2644 |   2574 |     70 |    607 |   1608 |   3 |  881.3 |
       Dungeon |   2644 |   2574 |     70 |    607 |   1608 |   3 |  881.3 |
               +--------+--------+--------+--------+--------+-----+--------+

Top non-repeatable levels by time:
     D:1: 1039 daAuts
     D:3: 886 daAuts
     D:2: 719 daAuts
